 Dungeon Crawl Stone Soup version 0.27-a0-1565-gad902ab807 (webtiles) character file.

Game seed: 15156916151629556227

225 tsouns the Shield-Bearer (level 6, -6/49 HPs)
             Began as a Formicid Fighter on July 16, 2021.
             Was an Initiate of the Shining One.
             Mangled by Menkaure (20 damage)
             ... on level 4 of the Dungeon.
             The game lasted 00:03:14 (2603 turns).

tsouns the Shield-Bearer (Formicid Fighter)         Turns: 2603, Time: 00:03:14

Health: -6/49      AC:  6    Str: 27    XL:     6   Next: 21%
Magic:  6/6        EV:  8    Int:  9    God:    the Shining One [......]
Gold:   93         SH: 10    Dex: 10    Spells: 5/5 levels left

rFire    . . .     SeeInvis +   a - +1 war axe
rCold    . . .     Faith    .   c - +0 kite shield
rNeg     . . .     Spirit   .   b - +0 scale mail
rPois    .         Reflect  .   (helmet unavailable)
rElec    .         Harm     .   (no cloak)
rCorr    .         Rampage  .   (no gloves)
Will     .....                  (no boots)
Stlth    ..........             (no amulet)
HPRegen  0.16/turn              j - +6 ring of strength
MPRegen  0.10/turn              (no ring)

@: glowing
A: permanent stasis, dig shafts and tunnels, antennae 3, four strong arms
a: Dig, Shaft Self, Renounce Religion


You were on level 4 of the Dungeon.
You worshipped the Shining One.
The Shining One was noncommittal.
You visited 1 branch of the dungeon, and saw 4 of its levels.

You collected 93 gold pieces.

Inventory:

Hand Weapons
 a - a +1 war axe (weapon)
Armour
 b - a +0 scale mail (worn)
 c - a +0 kite shield (worn)
Jewellery
 j - a +6 ring of strength (left hand)
 n - a +4 ring of evasion
Wands
 l - a wand of digging (8)
 m - a wand of polymorph (7)
Scrolls
 f - a scroll of amnesia
 o - a scroll of fear
Potions
 g - a potion of mutation
 i - a potion of heal wounds
 k - a potion of flight


   Skills:
 + Level 4.4 Fighting
 * Level 4.3 Axes
 - Level 3.2 Armour
 + Level 4.8 Shields
 + Level 1.2 Invocations


You had 5 spell levels left.
You didn't know any spells.
Your spell library contained the following spells:

 Spells                   Type           Power      Damage    Failure   Level
 Dazzling Flash           Conj/Hex       0%         N/A       100%        3
 Tukima's Dance           Hex            0%         N/A       100%        3
 Hailstorm                Conj/Ice       0%         3d3       100%        4
 Ice Form                 Ice/Tmut       0%         N/A       100%        4
 Agony                    Necr           0%         N/A       100%        5
 Silence                  Hex/Air        0%         N/A       100%        5
 Summon Mana Viper        Hex/Summ       0%         N/A       100%        5
 Simulacrum               Ice/Necr       0%         N/A       100%        6
 Blink                    Tloc           Unusable   N/A       N/A         2

Dungeon Overview and Level Annotations

Branches:
Dungeon (4/15)
 Temple: D:4-7

Altars:
Elyvilon
The Shining One

Shops:
D:1 (

Annotations:
D:4 Menkaure


Innate Abilities, Weirdness & Mutations

You cannot be hasted, slowed, berserked, paralysed or teleported.
You can dig through walls and to a lower floor.
You have a pair of large antennae on your head. (SInv)
Your four strong arms can wield two-handed weapons with a shield.


Message History

As you read the scroll of identify, it crumbles to dust.
k - a potion of flight
As you read the scroll of identify, it crumbles to dust.
o - a scroll of fear You climb downwards.
Found a stone staircase leading down.
There is a stone staircase leading up here.
You open the door.
Found 27 bolts.
You sense a monster nearby.
A water moccasin skeleton comes into view.
There is an open door here.
Menkaure, Prince of Dust comes into view.
Menkaure shouts!
Menkaure gestures wildly while chanting.
Menkaure seems to speed up.
You slash the water moccasin skeleton!
The water moccasin skeleton is moderately damaged.
The water moccasin skeleton bites you.
You block the water moccasin skeleton's attack.
You slash the water moccasin skeleton!
The water moccasin skeleton is severely damaged.
The water moccasin skeleton bites you. The water moccasin skeleton misses you.
You slash the water moccasin skeleton!
You destroy the water moccasin skeleton!
The Shining One accepts your kill.
Menkaure calls on the powers of darkness!
Your body is wracked with pain!
Your Invocations skill increases to level 1!
You have reached level 6!
Your experience leads to an increase in your attributes!
Your base attributes are Str 21, Int 8, Dex 10.
Increase (S)trength, (I)ntelligence, or (D)exterity?
You feel clever.
You closely miss Menkaure.
Menkaure calls on the powers of darkness!
Your body is wracked with pain!
* * * LOW HITPOINT WARNING * * *
Menkaure hits you!!
You die...

#.....# #.....#
#.....####
#.........
#########.........
#....<..#.........
#.......#...(.....
#.......#.@M......
#.......#.....####
#.......'.....#
#.......#.....#
#.......#.....#
#...>...#.....#
#.......######..
#.......# ...
#.......# ..


You could see Menkaure (fast).

Vanquished Creatures
  A water moccasin skeleton (D:4)
  A crimson imp (D:3)
  A hound (D:3)
  Terence (D:2)
  A gnoll (D:1)
  2 adders
  An ufetubus (D:3)
  3 dart slugs (D:1)
  3 orcs (D:3)
  A ball python (D:3)
  2 bats (D:3)
  2 endoplasms
  3 giant cockroaches
  8 hobgoblins
  5 quokkas
  4 frilled lizards
  3 goblins (D:1)
  A goblin zombie (D:3)
  2 hobgoblin zombies (D:3)
  A kobold (D:3)
  A kobold skeleton (D:3)
  3 kobold zombies (D:3)
  2 orc skeletons (D:3)
  3 rats
55 creatures vanquished.

Notes
Turn   | Place    | Note
-------+----------+-------------------------------------------
     0 | D:1      | tsouns the Formicid Fighter began the quest for the Orb.
     0 | D:1      | Reached XP level 1. HP: 18/18 MP: 1/1
    50 | D:1      | Reached XP level 2. HP: 24/24 MP: 2/2
   132 | D:1      | Found a faded altar of an unknown god.
   281 | D:1      | Reached XP level 3. HP: 29/29 MP: 3/3
   354 | D:1      | Found Rahui's Weapon Shoppe.
  1016 | D:2      | Reached XP level 4. HP: 34/37 MP: 4/4
  1116 | D:2      | Noticed Terence
  1123 | D:2      | Killed Terence
  1341 | D:3      | Found a white marble altar of Elyvilon.
  1627 | D:3      | Found a glowing golden altar of the Shining One.
  1648 | D:3      | Reached XP level 5. HP: 41/42 MP: 5/5
  1654 | D:3      | Got Quic's Almanac of Dislocation and the Oath
  1656 | D:3      | Became a worshipper of the Shining One
  2598 | D:4      | Noticed Menkaure
  2603 | D:4      | Reached skill level 1 in Invocations
  2603 | D:4      | Reached XP level 6. HP: 25/49 MP: 6/6
  2603 | D:4      | Mangled by Menkaure

Illustrated notes

Levels and vault maps discovered:
D:1:      mrwooster_arrival_statue_2, layout_basic, serial_shops, shop,
          chequers_ecumenical_altar_grove
D:2:      layout_basic, kennysheep_generic_room_3, uniq_terence
D:3:      layout_basic, elyvilon_altar_5, nicolae_tso_besieged_by_evil
D:4:      layout_gridville, nemelex_xobeh_ov_fountains_minmay, chequers_jeans,
          grunt_ministairs_15, uniq_edmund, uniq_robin, uniq_menkaure

Skill      XL: |  1  2  3  4  5 |
---------------+----------------+-----
Shields        | 4 |  4.8
Axes           | 3 4 |  4.3
Fighting       | 4 |  4.4
Invocations    | 1 |  1.2
Armour         | |  3.2

Action                   |  1- 3 |  4- 6 || total
-------------------------+-------+-------++-------
Melee: War axe           |    75 |    86 ||   161
  Use: Potion            |       |     1 ||     1
       Scroll            |       |     7 ||     7
Armor: Scale mail        |    28 |    32 ||    60
Dodge: Dodged            |    25 |    33 ||    58
Block: Kite shield       |    43 |    48 ||    91

Table legend: (Time is in decaauts)
 A = Elapsed time spent in this place.
 B = Non-inter-level travel time spent in this place.
 C = Inter-level travel time spent in this place.
 D = Time resting spent in this place.
 E = Time spent auto-exploring this place.
 F = Levels seen in this place.
 G = Mean time per level.
                   A        B        C        D        E       F      G
               +--------+--------+--------+--------+--------+-----+--------+
         Total |   2682 |   2603 |     79 |      0 |   2151 |   4 |  670.5 |
       Dungeon |   2682 |   2603 |     79 |      0 |   2151 |   4 |  670.5 |
               +--------+--------+--------+--------+--------+-----+--------+

Top non-repeatable levels by time:
     D:3: 1313 daAuts
     D:1: 784 daAuts
     D:2: 560 daAuts
     D:4: 24 daAuts
